cohdb
Replays
Latest Replays
All Replays
Popular Replays
Top Player Replays
Match Explorer
How It Works
Community
CoH3 Stats
Reddit
Sign in to upload your games and track your stats! →
Sign in with Steam
Match 36571703
Unlisted
Match 36571703
Overview
Messages
Build Orders
End
Kradschützen Motorcycle Team
Selects Italian Combined Arms Battlegroup
Selects Bersaglieri Squad
Bersaglieri Squad
Bersaglieri Squad
Construct Light Support Kompanie
Panzerjäger Squad
2.5-tonne Medical Truck
MG34 Team
Fire Support Elements
Pak 38 Anti-tank Gun Team
Selects Semovente da 75/18 Assault Gun
Selects Strafing Run
2.5-tonne Medical Truck
Pak 38 Anti-tank Gun Team
Strafing Run
Construct Panzerarmee Kommand
Selects Artillery Cover
Artillery Cover
Strafing Run
Selects Vehicle Support - Secure Location
Selects Breda Model 30 Light Machine Guns
Armored Reserves
StuG Assault Group
Cleopatra
vincent
I scream
Chocolei
Ulrich
Philosophical
goatboy
Rashid al-Din Fadlullah Hamadani
0
0
Comments
sign in to comment!
No comments posted yet!